 Dungeon Crawl Stone Soup version 0.14-a0-3563-g07d0f32 (webtiles) character file.

383 4tharraofdagon the Ruffian (level 6, -3/59 HPs)
             Began as a Troll Monk on Mar 29, 2014.
             Was a Believer of Dithmenos.
             Slain by Menkaure (19 damage)
             ... on Level 5 of the Dungeon.
             The game lasted 00:04:43 (991 turns).

4tharraofdagon the Ruffian (Troll Monk)              Turns: 991, Time: 00:04:43

HP  -3/59        AC  6     Str 21      XL: 6   Next: 18%
MP   3/3         EV 10     Int  7      God: Dithmenos [**....]
Gold 71          SH  0     Dex 12      Spells:  0 memorised,  5 levels left

rFire  . . .     SeeInvis .       - Unarmed
rCold  . . .     Clarity  .     n - +0 robe (curse)
rNeg   . . .     Conserve .     (shield restricted)
rPois  .         rCorr    .     (helmet restricted)
rElec  .         rRot     .     i - +0 cloak
SustAb . .       Spirit   .     (gloves unavailable)
rMut   .         Warding  .     (boots unavailable)
Gourm  +         Stasis   .     (no amulet)
MR     .....                    (no ring)
                                (no ring)

@: invisible, very slightly contaminated, wreathed by umbra, not resistant to
hostile enchantments, unstealthy
A: unfitting armour, claws 3, fast metabolism 3, gourmand, regeneration 2,
saprovore 2, shaggy fur 1, tough skin 2
a: Shadow Step, Renounce Religion


You were on level 5 of the Dungeon.
You worshipped Dithmenos.
Dithmenos was pleased with you.
You were full.

You visited 1 branch of the dungeon, and saw 5 of its levels.

You collected 71 gold pieces.

Inventory:

Hand weapons
 e - a +0,+0 hand axe of chopping
Armour
 a - a +0 robe
 i - a +0 cloak (worn)
 n - a cursed +0 robe (worn)
Comestibles
 b - 2 meat rations
 f - 2 bread rations
Scrolls
 c - 6 scrolls of identify {unknown}
 d - a scroll of remove curse {unknown}
 g - a scroll of fog {unknown}
 h - 2 scrolls of teleportation {unknown}
 l - a scroll of enchant weapon I {unknown}
 p - 2 scrolls of recharging {unknown}
 s - a scroll of amnesia {unknown}
Jewellery
 j - an uncursed amulet of inaccuracy {unknown}
Potions
 m - a potion of poison {unknown}
 o - a potion of agility {unknown}
Books
 k - a book of the Warp

   Spells                             Type                      Level
   Control Teleport                   Charms/Translocation         4
   Phase Shift                        Translocation                5
   Warp Weapon                        Charms/Translocation         5
   Summon Forest                      Summoning/Translocation      5
   Dispersal                          Translocation                6
   Controlled Blink                   Translocation                7
   Disjunction                        Translocation                8


   Skills:
 - Level 2.4 Fighting
 - Level 2.4 Dodging
 - Level 1.1 Stealth
 * Level 7.5 Unarmed Combat


You had 5 spell levels left.
You didn't know any spells.

Dungeon Overview and Level Annotations

Branches:
Dungeon (5/15)
 Temple: D:4-7

Altars:
Dithmenos
Elyvilon
Fedhas
Sif Muna
Vehumet
Xom
The Shining One

Annotations:
D:4 Eustachio
D:5 Menkaure


Innate Abilities, Weirdness & Mutations

You are too large for most types of armour.
You have claws for hands.
Your metabolism is lightning-fast.
You like to eat raw meat.
You heal very quickly.
You can eat rotten meat.
You are covered in fur (AC +1).
You have very tough skin (AC +2).


Message History

Your body is wracked with pain!
Menkaure calls on the powers of darkness!
Your body is wracked with pain!
* * * LOW HITPOINT WARNING * * *
Drink which item? (? for menu, Esc to quit)
You feel better.
It was a potion of curing.
Unknown command.
Drink which item? (? for menu, Esc to quit)
You feel better.
Unknown command.
Drink which item? (? for menu, Esc to quit)
You fade into invisibility!
It was a potion of invisibility.
Menkaure breathes soot at you. Menkaure hits you! Menkaure hits you.
* * * LOW HITPOINT WARNING * * *
You are very lightly contaminated with residual magic.
Unknown command.
You closely miss Menkaure. Menkaure hits you!
You die...

..... ...... .......
........ ........# #
........########## .#
........[........##.#.#
#.M...............#
#.#@..........#.###
#...........#
#...........#
.............#
..............#.#
................#
............##.#.#
............##.#.###
............##.....


You could see Menkaure.

Vanquished Creatures
  Blork the orc (D:4)
  A crimson imp (D:5)
  The ghost of ciphuk the Gusty, a weakling HEAE (D:3)
  Crazy Yiuf (D:3)
  An orc wizard (D:4)
  A worker ant (D:4)
  6 adders
  3 giant geckos
  8 orcs
  2 bats
  4 goblins
  4 hobgoblins
  4 jackals (D:3)
  3 kobolds
  A giant cockroach (D:3)
  3 giant newts
  2 kobold skeletons (D:4)
  3 rats
49 creatures vanquished.

Notes
Turn   | Place    | Note
--------------------------------------------------------------
     0 | D:1      | 4tharraofdagon, the Troll Monk, began the quest for the Orb.
     0 | D:1      | Reached XP level 1. HP: 22/22 MP: 1/1
   135 | D:3      | Noticed ciphuk's ghost (weakling HEAE)
   140 | D:3      | Killed ciphuk's ghost
   140 | D:3      | Reached skill level 5 in Unarmed Combat
   140 | D:3      | Reached XP level 2. HP: 21/29 MP: 1/1
   140 | D:3      | Reached XP level 3. HP: 26/36 MP: 2/2
   338 | D:3      | Noticed Crazy Yiuf
   344 | D:3      | Killed Crazy Yiuf
   344 | D:3      | Reached XP level 4. HP: 9/44 MP: 2/2
   458 | D:3      | Found a shimmering altar of Xom.
   499 | D:3      | Reached skill level 6 in Unarmed Combat
   581 | D:4      | Found a deep blue altar of Sif Muna.
   593 | D:4      | Found a glowing golden altar of the Shining One.
   620 | D:4      | Found a radiant altar of Vehumet.
   625 | D:4      | Noticed Blork the orc
   645 | D:4      | Killed Blork the orc
   645 | D:4      | Reached XP level 5. HP: 44/50 MP: 2/2
   770 | D:4      | Reached skill level 7 in Unarmed Combat
   773 | D:4      | Noticed Eustachio
   808 | D:4      | Found a shadowy altar of Dithmenos.
   808 | D:4      | Found a blossoming altar of Fedhas.
   809 | D:4      | Found a white marble altar of Elyvilon.
   844 | D:4      | Became a worshipper of Dithmenos
   844 | D:4      | Acquired Dithmenos' first power
   874 | D:4      | Reached XP level 6. HP: 59/59 MP: 3/3
   943 | D:5      | Entered Level 5 of the Dungeon
   984 | D:5      | Noticed Menkaure
   991 | D:5      | Slain by Menkaure

Action                   |  1- 3 |  4- 6 || total
-------------------------+-------+-------++-------
Melee: Unarmed           |    42 |    96 ||   138
  Use: Potion            |       |     3 ||     3
